AoeStats
← Galo.

Arabia

505753118Analyzed
1v1 RM · 21d ago on Sep 10, 2026· 68m 21s· 2 players
Game mode
Random Map
Map size
Tiny (2 player)
Population
200
Speed
Normal
Resources
Standard
Victory
Conquest
Starting age
Dark Age
Ending age
Imperial Age
RankedLock teamsTeams togetherTeam positionsShared explorationLock speedFull tech treeHidden civsTurbo modeCheats
Victory
Defeat
🇦🇷 Chinese · Argentina
441
+18
🇧🇷 Magyars · Brazil
485
-18
Galo.
10:36 Loom
13:23 Feudal Age
15:44 Wheelbarrow
14:57 Double-Bit Axe
24:54 Castle Age
24:07 Fletching
24:33 Arson
25:01 Crossbowman
25:52 Thumb Ring
26:23 Town Watch
27:08 Padded Archer Armor
27:38 Bow Saw
27:23 Gold Mining
28:21 Horse Collar
28:47 Pikeman
32:27 Leather Archer Armor
32:54 Bloodlines
34:13 Forging
36:08 Town Patrol
36:24 Hand Cart
37:04 Ballistics
36:38 Heated Shot
41:23 Imperial Age
44:08 Arbalester
45:46 Scale Mail Armor
47:11 Two-Man Saw
48:24 Chemistry
47:21 Murder Holes
47:37 Masonry
51:06 Halberdier
53:07 Iron Casting
52:49 Chain Mail Armor
53:07 Ring Archer Armor
52:32 Bodkin Arrow
62:38 Plate Mail Armor
66:52 Elite Chu Ko Nu
Ventrex
5:40 Loom
7:18 Loom
11:07 Feudal Age
13:42 Double-Bit Axe
13:38 Horse Collar
19:32 Scale Barding Armor
22:12 Bloodlines
24:23 Castle Age
23:03 Wheelbarrow
22:37 Gold Mining
22:40 Stone Mining
25:54 Husbandry
27:42 Hand Cart
29:39 Bow Saw
33:34 Fletching
34:05 Chain Barding Armor
39:12 Imperial Age
36:56 Thumb Ring
45:08 Recurve Bow
46:57 Parthian Tactics
47:02 Corvinian Army
53:32 Chemistry
52:33 Bodkin Arrow
53:28 Plate Barding Armor
56:13 Elite Magyar Huszar
59:02 Heavy Cavalry Archer
59:42 Light Cavalry
60:43 Capped Ram
65:39 Onager
Connection lost

Rejoining the realm…

Still unreachable

The connection could not be restored.

Session expired

The server has moved on; the page needs a fresh start.